 Dungeon Crawl Stone Soup version 0.28-a0-1182-g381e24db82 (webtiles) character file.

Game seed: 3060376648817616206

44763 Froggeryz the Spry (level 13, -2/99 HPs)
             Began as a Felid Berserker on Dec 17, 2021.
             Was a High Priest of Trog.
             Slain by an anaconda (14 damage)
             ... on level 1 of the Snake Pit.
             The game lasted 00:44:29 (34279 turns).

Froggeryz the Spry (Felid Berserker)               Turns: 34279, Time: 00:44:30

Health: -2/99      AC:  3    Str: 21    XL:     13   Next: 98%
Magic:  14/14      EV: 29    Int:  9    God:    Trog [*****.]
Gold:   1253       SH:  0    Dex: 18    Spells: 12/12 levels left
                                        Lives:  0   Deaths: 4

rFire   . . .      SeeInvis +     - Unarmed
rCold   + . .      Faith    .   (shield unavailable)
rNeg    . . .      Spirit   .   (armour unavailable)
rPois   +          Reflect  .   (helmet unavailable)
rElec   +          Harm     .   (cloak unavailable)
rCorr   .          Rampage  .   (gloves unavailable)
Will    +....                   (boots unavailable)
Stlth   ..........              w - amulet of the Mackerel {Acrobat rF+ Stlth+}
HPRegen 0.26/turn               e - ring of poison resistance
MPRegen 0.14/turn               J - ring "Ziutauh" {rElec rF- Str+6 Slay+3}

@: berserking, constricted, very quick
A: very small, claws 1, fangs 3, see invisible, speed 1, shaggy fur 3, stealthy
paws, no weapons or thrown items, no armour, multi-lived, horns 1
a: Renounce Religion, Berserk, Trog's Hand, Brothers in Arms


You were on level 1 of the Snake Pit.
You worshipped Trog.
Trog was extremely pleased with you.
You visited 4 branches of the dungeon, and saw 23 of its levels.
You also visited: Ossuary, Gauntlet and Volcano.

You collected 1985 gold pieces.
You spent 732 gold pieces at shops.

Inventory:

Jewellery
 e - a ring of poison resistance (left paw)
 n - a ring of flight
 o - an amulet of guardian spirit
 t - a ring of ice
 u - a ring of protection from cold
 w - the amulet of the Mackerel (around neck) {Acrobat rF+ Stlth+}
   (You took it off an orc on level 9 of the Dungeon)

   [amulet of the acrobat]

   It increases your evasion while moving and waiting.
   rF:        It protects you from fire.
   Stlth:     It makes you more stealthy.
 z - a ring of resist corrosion
 B - a +4 ring of protection
 C - an amulet of reflection
 E - a ring of positive energy
 H - a ring of magical power
 I - an amulet of regeneration
 J - the ring "Ziutauh" (right paw) {rElec rF- Str+6 Slay+3}
   (You acquired it on level 13 of the Dungeon)

   [ring of strength]

   Str:       It affects your strength (+6).
   Slay:      It affects your accuracy & damage with ranged weapons and melee
   (+3).
   rF:        It makes you vulnerable to fire.
   rElec:     It insulates you from electricity.
Wands
 b - a wand of polymorph (4)
 x - a wand of flame (43)
 y - a wand of iceblast (23)
 G - a wand of digging (13)
 L - a wand of mindburst (9)
 P - a wand of paralysis (4)
Scrolls
 c - 6 scrolls of teleportation
 d - 3 scrolls of summoning
 g - 3 scrolls of blinking
 h - 2 scrolls of silence
 l - 4 scrolls of immolation
 q - 5 scrolls of fog
 D - a scroll of fear
 K - a scroll of holy word
Potions
 a - 11 potions of curing
 f - 8 potions of heal wounds
 i - 7 potions of might
 j - 3 potions of resistance {unknown}
 k - 2 potions of haste
 m - 5 potions of invisibility
 p - 8 potions of mutation
 r - 7 potions of ambrosia
 s - a potion of magic {unknown}
 v - 2 potions of lignification {unknown}
 A - 4 potions of flight
 F - 2 potions of cancellation
 O - a potion of attraction {unknown}
Miscellaneous
 N - a condenser vane


   Skills:
 * Level 13.2 Fighting
 + Level 19.1 Dodging
 - Level 15.2 Stealth
 + Level 18.7 Unarmed Combat


You had 12 spell levels left.
You didn't know any spells.
Your spell library was empty.

Dungeon Overview and Level Annotations

Branches:
Dungeon (15/15)            Temple (1/1) D:6            Lair (6/6) D:11
 Shoals (0/4) Lair:2        Snake (1/4) Lair:3        Slime (0/5) Lair:5
    Orc (0/2) D:12         Vaults (0/5) D:14         Depths (0/4) D:15
Ossuary (visited)         Volcano (visited)         Gauntlet (visited)

Altars:
Ashenzari
Fedhas
Gozag
Kikubaaqudgha
Nemelex Xobeh
Okawaru
Qazlal
Ru
Xom
Yredelemnul
The Shining One
Jiyva
Lugonu

Shops:
D:6 *   D:7 !:[*   D:10 [   D:13 (   D:14 *   Snake:1 *

Portals:
Abyss: Lair:6


Innate Abilities, Weirdness & Mutations

You have sharp claws.
You have razor-sharp teeth.
You have supernaturally acute eyesight. (SInv)
You cover ground quickly. (Speed+)
Your thick and shaggy fur keeps you warm. (AC +3, rC+)
Your paws help you pounce on unaware monsters.
You are incapable of wielding weapons or throwing items.
You cannot wear armour.
You gain extra lives every three experience levels.
You have a pair of small horns on your head.


Message History

The naga is heavily wounded.
The naga barely misses you. The naga completely misses you.
You mangle the naga!!
You kill the naga!
Trog accepts your kill. The naga mage spits poison at you.
The splash of poison misses you. The anaconda grabs you.
The anaconda bites you! The anaconda constricts you.
The anaconda barely misses you. The anaconda constricts you.
You mangle the anaconda!!
You headbutt the anaconda, but do no damage.
The anaconda is heavily wounded.
The anaconda completely misses you. The anaconda constricts you.
You claw the anaconda! You headbutt the anaconda.
Your bite misses the anaconda.
The anaconda is severely wounded.
The anaconda closely misses you. The anaconda constricts you.
You closely miss the anaconda. Your headbutt misses the anaconda.
The anaconda is severely wounded.
The anaconda completely misses you. The anaconda constricts you.
The anaconda closely misses you. The anaconda constricts you.
You are too injured to fight recklessly!
You are too injured to fight recklessly!
You are too injured to fight recklessly!
You are too injured to fight recklessly!
A red film seems to cover your vision as you go berserk!
You feel yourself moving faster!
You feel mighty! The anaconda bites you!!
* * * LOW HITPOINT WARNING * * *
The anaconda constricts you.
* * * LOW HITPOINT WARNING * * *
You miss the anaconda. Your headbutt misses the anaconda.
The anaconda is severely wounded.
The anaconda bites you!
* * * LOW HITPOINT WARNING * * *
The anaconda constricts you.
* * * LOW HITPOINT WARNING * * *
You mangle the anaconda!!
The anaconda is almost dead.
The anaconda bites you!
You die...

................##.#####.#
................##.#####.#
................#........#
................#..#####.#
...............#..#
....#.....#..#
.......)..#..#####
.....N....'......#
.....N.@..##.###.#
......SN..##.#
.....$....##.#
..........##.#
..........##.#
..........##.#
..........##.# ..........#


You could see an anaconda, a naga mage and 2 nagas.

Vanquished Creatures
  Agnes (D:14)
  A quicksilver ooze (shapeshifter) (Lair:6)
  Nessos (Lair:4)
  A minotaur (Gauntlet)
  The ghost of Viuvacup the Cleaver, a journeyman GrFi of the Shining One (D:13)
  Snorg (D:10)
  A fire dragon (D:15)
  A deep elf high priest (D:14)
  An ice dragon (D:13)
  2 boulder beetles (Lair:3)
  7 hydras
  A catoblepas (Lair:6)
  9 centaur warriors
  5 two-headed ogres
  18 death yaks
  5 tengu warriors
  Urug (Lair:3)
  Sonja (D:12)
  The ghost of LadyOphelia the Cleaver, a novice DrBe of Trog (D:8)
  5 skeletal warriors
  A flayed ghost (D:15)
  A tengu zombie (D:15)
  2 deep elf pyromancers (D:13)
  A wizard (D:14)
  5 ugly things
  2 mana vipers (Snake:1)
  3 necromancers
  Pikel (D:7)
  An orc sorcerer (D:12)
  2 manticores
  4 cyclopes
  A sphinx skeleton (D:15)
  A frost giant skeleton (D:15)
  Joseph (D:9)
  8 black mambas
  6 elephants (Lair:6)
  A smoke demon (Lair:6)
  A cane toad (shapeshifter) (D:14)
  3 gargoyles (Volcano)
  3 torpor snails
  2 unseen horrors
  13 cane toads
  6 komodo dragons
  2 kobold demonologists
  11 rime drakes
  2 efreet
  Psyche (D:11)
  An ancient zyme (Lair:6)
  A tengu conjurer (D:13)
  A jumping spider (shapeshifter) (D:8)
  A queen bee (D:14)
  A meliai (shapeshifter) (D:8)
  A polar bear (Lair:5)
  6 meliai (D:14)
  3 trolls
  A tyrant leech (Gauntlet)
  Prince Ribbit (D:11)
  17 blink frogs
  2 harpy skeletons (Volcano)
  2 hornets
  An ettin zombie (D:15)
  3 slime creatures (D:13)
  A snapping turtle (Lair:2)
  2 shadows (D:12)
  2 flying skulls (Volcano)
  A centaur simulacrum (D:14)
  2 ynoxinuls (Lair:6)
  A spriggan (Lair:6)
  2 water elementals (D:13)
  2 vampires
  A wyvern (shapeshifter) (Lair:6)
  52 yaks
  6 basilisks
  A wraith (D:9)
  7 wyverns
  4 chaos spawn (Lair:6)
  A steam dragon (Lair:3)
  A neqoxec (D:8)
  4 vampire mosquitoes
  4 nagas
  2 swamp worms (Gauntlet)
  14 water moccasins
  2 ice beasts
  An orc warrior (D:9)
  A black bear (Lair:3)
  3 necrophages
  An ogre (D:4)
  19 centaurs
  8 wolves
  4 lemures (D:7)
  A phantom (D:12)
  5 small abominations (Lair:6)
  4 kobold brigands
  18 bullfrogs
  A gnoll sergeant (D:9)
  2 scorpions (D:5)
  A water moccasin zombie (D:6)
  A water moccasin skeleton (D:5)
  2 troll zombies (D:12)
  29 killer bees
  9 wights
  A spriggan skeleton (Volcano)
  A troll skeleton (Volcano)
  5 howler monkeys
  6 centaur zombies
  2 orc priests
  A jelly (D:4)
  2 gnoll shamans
  3 hounds
  A bullfrog skeleton (D:5)
  A centaur skeleton (D:4)
  5 iguanas
  Terence (D:2)
  8 orc wizards
  Natasha (thrice) (D:2)
  4 hell rats (Lair:4)
  A killer bee zombie (D:7)
  4 ogre zombies (D:12)
  A naga skeleton (Volcano)
  A hound zombie (D:5)
  A hound skeleton (D:4)
  8 mummies (Ossuary)
  A howler monkey zombie (D:7)
  14 gnolls
  8 adders
  4 worms
  3 dart slugs
  26 orcs
  7 ball pythons
  A bat (D:1)
  10 endoplasms
  A giant cockroach (shapeshifter) (D:8)
  4 giant cockroaches
  5 hobgoblins
  8 jackals
  28 kobolds
  5 quokkas
  5 frilled lizards
  5 goblins
  5 goblin zombies (D:12)
  7 hobgoblin zombies
  4 kobold zombies (Ossuary)
  11 orc zombies
  7 rats
642 creatures vanquished.

Vanquished Creatures (collateral kills)
  A hydra (Lair:6)
  4 thrashing horrors (Lair:6)
  4 elephants (Lair:6)
  A rime drake (Lair:4)
  A komodo dragon (Lair:4)
  A polar bear (Lair:6)
  2 water moccasins (Lair:4)
  5 small abominations (Lair:6)
19 creatures vanquished.

Vanquished Creatures (others)
  38 fungi
  52 plants
  18 withered plants
108 creatures vanquished.

Grand Total: 769 creatures vanquished

Notes
Turn   | Place    | Note
-------+----------+-------------------------------------------
     0 | D:1      | Froggeryz the Felid Berserker began the quest for the Orb.
     0 | D:1      | Reached XP level 1. HP: 10/10 MP: 2/2
   265 | D:1      | Reached XP level 2. HP: 14/14 MP: 3/3
  1276 | D:1      | Reached XP level 3. HP: 17/17 MP: 4/4
  1513 | D:2      | Noticed Terence
  1521 | D:2      | Killed Terence
  1853 | D:2      | Reached XP level 4. HP: 21/21 MP: 5/5
  1867 | D:2      | Noticed Natasha
  1879 | D:2      | Killed Natasha
  1880 | D:2      | Reached skill level 5 in Dodging
  2096 | D:2      | Reached ** piety under Trog
  2190 | D:2      | Noticed Natasha
  2311 | D:2      | Killed Natasha
  2312 | D:2      | Found a shimmering altar of Xom.
  2348 | D:2      | Noticed Natasha
  2354 | D:2      | Killed Natasha
  2355 | D:2      | Reached skill level 5 in Unarmed Combat
  2355 | D:2      | Reached XP level 5. HP: 17/24 MP: 6/6
  3842 | D:4      | Noticed an ogre
  3847 | D:4      | Killed an ogre
  3848 | D:4      | Reached skill level 6 in Dodging
  3848 | D:4      | Gained mutation: You are covered in thick fur. (AC +2)
                  | [Felid growth]
  3848 | D:4      | Reached XP level 6. HP: 28/28 MP: 7/7
  4008 | D:4      | Found a glowing golden altar of the Shining One.
  4200 | D:4      | Found a sand-covered staircase.
  4209 | Ossuary  | Entered an ossuary
  4221 | Ossuary  | Reached skill level 1 in Stealth
  4251 | Ossuary  | Reached *** piety under Trog
  4256 | Ossuary  | Reached XP level 7. HP: 22/31 MP: 8/8
  5352 | D:4      | Found an iron altar of Okawaru.
  5459 | D:5      | Entered Level 5 of the Dungeon
  5623 | D:5      | Found a broken altar of Ashenzari.
  5784 | D:5      | Found a stormy altar of Qazlal.
  5796 | D:5      | Found an opulent altar of Gozag.
  6505 | D:5      | Reached XP level 8. HP: 22/34 MP: 9/9
  6687 | D:5      | Reached skill level 7 in Dodging
  6733 | D:5      | Found an ancient bone altar of Kikubaaqudgha.
  6874 | D:5      | Found a blossoming altar of Fedhas.
  7789 | D:6      | Reached skill level 8 in Dodging
  7933 | D:6      | Found Coekhlue's Assorted Antiques.
  7936 | D:6      | Bought a scroll labelled UNUUXZIKEM for 31 gold pieces
  7936 | D:6      | Bought an emerald ring for 155 gold pieces
  7999 | D:6      | Found a staircase to the Ecumenical Temple.
  8012 | Temple   | Entered the Ecumenical Temple
  8281 | D:7      | Found a sacrificial altar of Ru.
  8316 | D:7      | Noticed Pikel
  8554 | D:7      | Killed Pikel
  8555 | D:7      | Reached skill level 9 in Dodging
  8555 | D:7      | Reached skill level 10 in Unarmed Combat
  8555 | D:7      | Reached XP level 9. HP: 37/37 MP: 10/10
  8982 | D:7      | Found Boqud's Distillery.
  9170 | D:7      | Reached **** piety under Trog
  9258 | D:7      | Found Motuj's Antique Armour Boutique.
  9360 | D:7      | Found Burawn's General Store.
  9465 | D:7      | Found Sagusk's Book Shop.
  9756 | D:8      | Reached skill level 10 in Dodging
 10391 | D:8      | Found a runed translucent gate.
 10391 | D:8      | Noticed a green ugly thing
 10392 | D:8      | Found a runed translucent gate.
 10393 | D:8      | Found a runed translucent gate.
 10672 | D:8      | Found a sparkling altar of Nemelex Xobeh.
 10695 | D:8      | Reached XP level 10. HP: 42/42 MP: 11/11
 10991 | D:8      | Noticed a cyan ugly thing
 11002 | D:8      | Killed a brown ugly thing
 11003 | D:8      | Reached skill level 11 in Dodging
 11067 | D:8      | Found a runed translucent gate.
 11067 | D:8      | Found a runed translucent gate.
 11071 | D:8      | Noticed a salamander
 11072 | D:8      | Found a runed translucent gate.
 11072 | D:8      | Noticed LadyOphelia's ghost (novice DrBe)
 11076 | D:8      | Killed a cyan ugly thing
 11149 | D:8      | Noticed a salamander
 11149 | D:8      | an unseen horror changed into a salamander
 11159 | D:8      | a salamander changed into an unseen horror
 11179 | D:8      | Noticed a salamander
 11179 | D:8      | a shapeshifter changed into a salamander
 11183 | D:8      | a salamander changed into a komodo dragon
 11217 | D:8      | Noticed a salamander
 11217 | D:8      | a komodo dragon changed into a salamander
 11282 | D:8      | Noticed a manticore
 11282 | D:8      | a salamander changed into a manticore
 11284 | D:8      | a manticore changed into a tarantella
 11285 | D:8      | Noticed a glowing orange brain
 11285 | D:8      | a tarantella changed into a glowing orange brain
 11841 | D:9      | Noticed Joseph
 11857 | D:9      | Killed Joseph
 11858 | D:9      | Reached skill level 12 in Dodging
 12465 | D:9      | Noticed a centaur warrior
 12766 | D:9      | Identified the amulet of the Mackerel {Acrobat rF+ Stlth+}
 12814 | D:9      | Reached XP level 11. HP: 46/46 MP: 12/12
 12816 | D:9      | Reached skill level 5 in Fighting
 12849 | D:9      | Killed a centaur warrior
 13127 | D:10     | Entered Level 10 of the Dungeon
 13135 | D:10     | Noticed Snorg
 13159 | D:10     | Slain by Snorg
 13160 | D:10     | Reached XP level 10. HP: -4/67 MP: 11/11
 13245 | D:10     | Killed Snorg
 13443 | D:10     | Found Vyarizaj's Armour Boutique.
 13894 | D:10     | Noticed a two-headed ogre
 13898 | D:10     | Killed a two-headed ogre
 14073 | D:11     | Noticed a seven-headed hydra
 14440 | D:11     | Slain by a seven-headed hydra
 14441 | D:11     | Reached XP level 9. HP: 0/43 MP: 10/10
 14473 | D:11     | Killed a seven-headed hydra
 14474 | D:11     | Reached XP level 10. HP: 33/48 MP: 11/11
 14687 | D:11     | Noticed Psyche
 14688 | D:11     | Noticed a death yak
 14689 | D:11     | Noticed a two-headed ogre
 14690 | D:11     | Found a staircase to the Lair.
 14690 | D:11     | Noticed a death yak
 14692 | D:11     | Noticed a death yak
 14693 | D:11     | Killed Psyche
 14694 | D:11     | Noticed a death yak
 14696 | D:11     | Noticed a death yak
 14698 | D:11     | Noticed a death yak
 14700 | D:11     | Noticed a death yak
 14701 | D:11     | Killed a death yak
 14703 | D:11     | Noticed a cyclops
 14710 | D:11     | Killed a death yak
 14715 | D:11     | Killed a death yak
 14766 | D:11     | Identified 2 scrolls of acquirement
 14766 | D:11     | Acquired a +4 ring of protection
 14770 | D:11     | Acquired a ring of poison resistance
 14998 | D:11     | Noticed a manticore
 15006 | D:11     | Killed a manticore
 15365 | D:11     | Killed a two-headed ogre
 15366 | D:11     | Reached XP level 11. HP: 40/54 MP: 12/12
 15607 | D:11     | Reached skill level 10 in Fighting
 15607 | D:11     | Reached skill level 15 in Unarmed Combat
 15770 | D:11     | Killed a death yak
 15771 | D:11     | Reached skill level 5 in Stealth
 15777 | D:11     | Killed a death yak
 15784 | D:11     | Killed a death yak
 15792 | D:11     | HP: 2/54 [death yak (10)]
 16188 | D:11     | Killed a death yak
 16368 | Lair:1   | Entered Level 1 of the Lair of Beasts
 16368 | Lair:1   | Noticed Prince Ribbit
 16401 | D:11     | Killed Prince Ribbit
 16422 | Lair:1   | Reached skill level 13 in Dodging
 17139 | Lair:1   | Gained mutation: Your thick and shaggy fur keeps you warm.
                  | (AC +3, rC+) [Felid growth]
 17139 | Lair:1   | Reached XP level 12. HP: 58/58 MP: 13/13
 18473 | Lair:2   | Found a staircase to the Shoals.
 18481 | Lair:2   | Reached skill level 14 in Dodging
 18792 | Lair:3   | Noticed a boulder beetle
 18797 | Lair:3   | Killed a boulder beetle
 18883 | Lair:3   | Noticed a boulder beetle
 18914 | Lair:3   | Killed a boulder beetle
 19113 | Lair:3   | Found a staircase to the Snake Pit.
 19289 | Lair:3   | Noticed Urug
 19306 | Lair:3   | Killed Urug
 19307 | Lair:3   | Reached skill level 10 in Stealth
 20009 | Lair:4   | Noticed Nessos
 20009 | Lair:4   | Noticed a four-headed hydra
 20232 | Lair:3   | Killed a four-headed hydra
 20656 | Lair:4   | Killed Nessos
 20657 | Lair:4   | Reached skill level 15 in Dodging
 20658 | Lair:4   | Reached XP level 13. HP: 52/61 MP: 14/14
 21519 | Lair:5   | Found a dark tunnel.
 21525 | Volcano  | Entered a volcano
 22341 | Lair:5   | Reached skill level 16 in Dodging
 22572 | Lair:5   | Reached ***** piety under Trog
 23276 | Lair:5   | Found a viscous altar of Jiyva.
 23277 | Lair:5   | Found a staircase to the Slime Pits.
 23348 | Lair:6   | Entered Level 6 of the Lair of Beasts
 24303 | Lair:6   | Reached XP level 14. HP: 18/66 MP: 15/15
 24440 | Lair:6   | Reached skill level 17 in Dodging
 24910 | Lair:6   | Noticed a quicksilver ooze
 24925 | Lair:6   | Killed a quicksilver ooze
 25857 | Lair:6   | Found a corrupted altar of Lugonu.
 25857 | Lair:6   | Found a one-way gate to the infinite horrors of the Abyss.
 26151 | D:8      | Killed LadyOphelia's ghost
 26202 | D:8      | Gained mutation: You have a pair of small horns on your
                  | head. [mutagenic glow]
 26574 | D:12     | Reached skill level 15 in Stealth
 26800 | D:12     | Noticed Sonja
 26818 | D:12     | Killed Sonja
 27025 | D:12     | Found a staircase to the Orcish Mines.
 27485 | D:13     | Found the +4 skin of Zhor {*Englaciate rC+++ SInv}
 27774 | D:13     | Found Rymap's Antique Weapon Shop.
 28129 | D:13     | Mangled by a seven-headed hydra
 28130 | D:13     | Reached XP level 13. HP: -8/93 MP: 14/14
 28498 | D:13     | Acquired the ring "Ziutauh" {rElec rF- Str+6 Slay+3}
 28859 | D:13     | Reached skill level 18 in Dodging
 29715 | D:13     | Reached XP level 14. HP: 67/67 MP: 15/15
 30272 | D:14     | Found a runed translucent gate.
 30273 | D:14     | Found a runed translucent gate.
 30274 | D:14     | Found an opulent altar of Gozag.
 30274 | D:14     | Found a runed translucent gate.
 30308 | D:14     | Noticed Agnes
 30312 | D:14     | Found a gate leading to a gauntlet.
 30319 | Gauntlet | Entered a Gauntlet
 30319 | Gauntlet | Found a transporter.
 30319 | Gauntlet | Found a transporter.
 30328 | Gauntlet | Found a transporter.
 30338 | Gauntlet | Found a transporter.
 30353 | Gauntlet | Found a transporter.
 30363 | Gauntlet | Found a transporter.
 30380 | Gauntlet | Found a transporter.
 30386 | Gauntlet | Found a transporter.
 30400 | Gauntlet | Found a transporter.
 30405 | Gauntlet | Found a transporter.
 30408 | Gauntlet | Found a transporter.
 30408 | Gauntlet | Found a transporter.
 30519 | Gauntlet | Identified the amulet "Aczil" {Faith Int+3}
 30916 | D:14     | Killed Agnes
 30991 | D:14     | Noticed Viuvacup's ghost (journeyman GrFi)
 30993 | D:14     | Found Nestrentu's Assorted Antiques.
 31402 | D:14     | Found a gate to the Vaults.
 31921 | D:13     | Killed Viuvacup's ghost
 32310 | D:14     | Bought a bubbling amethyst potion for 25 gold pieces
 32310 | D:14     | Bought a scroll labelled ZYCHUS ETTE for 28 gold pieces
 32310 | D:14     | Bought a glowing glass wand for 112 gold pieces
 32310 | D:14     | Bought a scroll of identify for 56 gold pieces
 32333 | D:15     | Entered Level 15 of the Dungeon
 32523 | D:15     | Found a staircase to the Depths.
 33115 | D:15     | Reached skill level 19 in Dodging
 33978 | Snake:1  | Entered Level 1 of the Snake Pit
 34194 | Snake:1  | Found Baov's General Store.
 34202 | Snake:1  | Bought a scroll of fog for 26 gold pieces
 34202 | Snake:1  | Bought a potion of heal wounds for 65 gold pieces
 34202 | Snake:1  | Bought a wand of digging (5) for 234 gold pieces
 34206 | Snake:1  | Found Varummoh's Jewellery Shop.
 34228 | Snake:1  | Constricted to death by a naga warrior
 34229 | Snake:1  | Reached XP level 13. HP: -1/66 MP: 14/14
 34237 | Snake:1  | Found a stormy altar of Qazlal.
 34279 | Snake:1  | Slain by an anaconda

Illustrated notes

Levels and vault maps discovered:
D:1:      matt_arrival_refuge, layout_basic, serial_rivers,
          chequers_serial_rivers_micro_d, chequers_serial_rivers_small_b,
          chequers_serial_rivers_small_b, chequers_serial_rivers_micro_e,
          minmay_misc_feat_columns
D:2:      layout_basic, basic_altar, uniq_natasha, uniq_terence
D:3:      layout_rooms, st_stairs_11
D:4:      layout_loops_cross, tso_altar, okawaru_altar_gauntlet_db,
          nicolae_ossuary_entry_monument, minmay_misc_feat_tower,
          grunt_ministairs_5, minmay_fractal_squares_diagonal_5
D:5:      layout_layer_cave, nicolae_overflow_quartered_altars,
          ashenzari_altar_1
D:6:      layout_basic, minmay_temple_entry_slanted, serial_shops,
          kennysheep_mini
D:7:      layout_loops_corners, lemuel_doored_altar, serial_shops,
          nicolae_shop_window_shopping, shop, nicolae_take_the_stairs, shop,
          uniq_pikel
D:8:      layout_basic, lemuel_round_altar,
          ploomutoo_gammafunk_ghost_potion_laboratory, kennysheep_donut
D:9:      layout_roguey, minmay_misc_feat_cross, uniq_joseph
D:10:     layout_gridville, serial_shops, nicolae_shop_behind_doors, uniq_snorg
D:11:     layout_basic, dpeg_lair_monsters, uniq_psyche
D:12:     layout_rooms, zombieorc1_lemuel, minmay_strange_pillars, uniq_sonja
D:13:     layout_roguey, serial_shops, nicolae_shop_window_shopping,
          serial_bayou_pond_b, grunt_decor_resistance, grunt_ministairs_10,
          hellmonk_guarded_unrand_zhor
D:14:     layout_loops_ring, david_vaults_1, ebering_ghost_gozag,
          gauntlet_entry_generic, grunt_decor_junction, special_room
          [special_room_bee], uniq_agnes
D:15:     gammafunk_depths_entry_grave, layout_basic
Temple:   dshaligram_water_room_temple
Lair:1:   layout_long_grid, chequers_serial_rivers_small_b, grunt_megastairs_1,
          uniq_prince_ribbit2
Lair:2:   layout_regular_city, minmay_shoals_entry_hut
Lair:3:   layout_loops_ring, guppyfry_snake_entry_island, uniq_urug
Lair:4:   layout_roguey, nicolae_lair_lil_pond, st_stairs_10, uniq_nessos
Lair:5:   layout_roguey, dpeg_slime_entry_enclosed_altar,
          nicolae_volcano_entry_hallway
Lair:6:   hellmonk_lair_end_abyssal_woods, layout_regular_city
Snake:1:  layout_gridlike, serial_shops, shop, nicolae_diamond_shop, shop,
          basic_altar, nicolae_snake_magic_snake_eye

Skill      XL: |  1  2  3  4  5  6  7  8  9 10 11 12 13 14 |
---------------+-------------------------------------------+-----
Unarmed Combat | 4 5 6 8 10 12 14 15 16 17 18 | 18.7
Dodging        | 5 6 9 10 12 13 15 18 19 | 19.1
Stealth        | 1 4 8 11 13 15 | 15.2
Fighting       | 9 10 11 13 | 13.2

Action                   |  1- 3 |  4- 6 |  7- 9 | 10-12 | 13-15 || total
-------------------------+-------+-------+-------+-------+-------++-------
Melee: Unarmed           |    73 |   194 |   360 |   630 |   962 ||  2219
       Punch             |     3 |     7 |    21 |    46 |   113 ||   190
       Bite              |     9 |    20 |    38 |   104 |   151 ||   322
       Headbutt          |       |       |       |       |   112 ||   112
Invok: Berserk           |     1 |     4 |     7 |    19 |    12 ||    43
       Trog's Hand       |       |     1 |     2 |     8 |     7 ||    18
       Brothers in Arms  |       |       |       |     1 |     4 ||     5
Evoke: Wand              |       |       |       |     3 |     3 ||     6
  Use: Scroll            |       |     1 |     8 |    18 |    11 ||    38
       Potion            |       |       |     1 |       |     2 ||     3
 Stab: Sleeping          |     3 |     1 |    18 |    25 |    36 ||    83
       Distracted        |     1 |       |     1 |     2 |     9 ||    13
       Petrified         |       |       |       |       |     1 ||     1
Armor: Skin              |     1 |    15 |    15 |    26 |    77 ||   134
Dodge: Dodged            |    42 |   174 |   330 |   502 |  1118 ||  2166

Table legend: (Time is in decaauts)
 A = Elapsed time spent in this place.
 B = Non-inter-level travel time spent in this place.
 C = Inter-level travel time spent in this place.
 D = Time resting spent in this place.
 E = Time spent auto-exploring this place.
 F = Levels seen in this place.
 G = Mean time per level.
                   A        B        C        D        E       F      G
               +--------+--------+--------+--------+--------+-----+--------+
         Total |  30930 |  29870 |   1060 |  11435 |  12981 |  26 | 1189.6 |
       Dungeon |  21203 |  20402 |    801 |   7640 |   9390 |  15 | 1413.5 |
        Temple |      1 |      1 |      0 |      0 |      0 |   1 |    1.0 |
          Lair |   8105 |   7847 |    258 |   3095 |   3283 |   6 | 1350.8 |
     Snake Pit |    266 |    266 |      0 |      0 |    219 |   1 |  266.0 |
       Ossuary |    478 |    478 |      0 |    272 |     87 |   1 |  478.0 |
       Volcano |    363 |    363 |      0 |    183 |      0 |   1 |  363.0 |
      Gauntlet |    511 |    511 |      0 |    243 |      0 |   1 |  511.0 |
               +--------+--------+--------+--------+--------+-----+--------+

Top non-repeatable levels by time:
     D:8: 2558 daAuts
  Lair:6: 2359 daAuts
    D:11: 2253 daAuts
    D:13: 2006 daAuts
     D:5: 1963 daAuts
    D:12: 1718 daAuts
  Lair:3: 1533 daAuts
    D:14: 1452 daAuts
     D:1: 1427 daAuts
  Lair:5: 1306 daAuts
     D:7: 1175 daAuts
     D:9: 1174 daAuts
     D:2: 1072 daAuts
     D:4: 1053 daAuts
  Lair:1: 1045 daAuts
